 Dungeon Crawl Stone Soup version 0.27.1-1-g398f81649c (webtiles) character file.

Game seed: 5188524974083048537

16 Descartes the Magician (level 2, 0/16 HPs)
             Began as a Deep Elf Wanderer on Sept 20, 2021.
             Slain by a bat (1 damage)
             ... on level 2 of the Dungeon.
             The game lasted 00:00:55 (270 turns).

Descartes the Magician (Deep Elf Wanderer)           Turns: 270, Time: 00:00:55

Health: 0/16       AC:  5    Str:  9    XL:     2   Next: 37%
Magic:  9/9        EV: 10    Int: 15    God:
Gold:   23         SH:  0    Dex: 15    Spells: 9/9 levels left

rFire    . . .     SeeInvis .   a - +2 hand crossbow
rCold    . . .     Faith    .   (no shield)
rNeg     . . .     Spirit   .   d - +0 ring mail
rPois    .         Reflect  .   (no helmet)
rElec    .         Harm     .   (no cloak)
rCorr    .         Rampage  .   (no gloves)
Will     .....                  (no boots)
Stlth    +.........             (no amulet)
HPRegen  0.05/turn              (no ring)
MPRegen  0.11/turn              (no ring)

@: no status effects
A: no striking features
a: no special abilities


You were on level 2 of the Dungeon.
You visited 1 branch of the dungeon, and saw 2 of its levels.

You collected 23 gold pieces.

Inventory:

Hand Weapons
 a - a +2 hand crossbow (weapon)
Missiles
 b - 12 bolts (quivered ammo)
 f - 10 poisoned darts
 g - 13 sling bullets
Armour
 d - a +0 ring mail (worn)
Scrolls
 c - 2 scrolls of teleportation
 e - 2 scrolls of enchant weapon {unknown}
 h - a scroll of amnesia {unknown}


   Skills:
 - Level 1.0 Fighting
 - Level 1.0 Crossbows
 - Level 1.0 Armour
 + Level 2.6 Dodging
 - Level 1.2 Stealth
 - Level 4.4 Spellcasting
 - Level 1.1 Conjurations
 - Level 1.1 Earth Magic
 - Level 1.1 Evocations


You had 9 spell levels left.
You didn't know any spells.
Your spell library was empty.

Dungeon Overview and Level Annotations

Branches:
Dungeon (1/15)

Altars:


Message History

You shoot a bolt. The bolt barely misses the gnoll.
The gnoll shouts!
The bolt hits the gnoll.
The gnoll is moderately wounded.
A bat comes into view.
A ball python comes into view.
The bat moves out of view.
You shoot a bolt. The ball python hisses angrily.
The bolt hits the gnoll.
The gnoll is moderately wounded.
The bat closely misses you. The bat closely misses you.
Really attack while wielding your +2 hand crossbow? [Y]es or [N]o only, please.
Really attack while wielding your +2 hand crossbow? [Y]es or [N]o only, please.
Really attack while wielding your +2 hand crossbow? [Y]es or [N]o only, please.
Really attack while wielding your +2 hand crossbow? [Y]es or [N]o only, please.
Really attack while wielding your +2 hand crossbow?
Okay, then.
The bat misses you. The gnoll hits you with a +0 whip.
The bat hits you but does no damage. The gnoll hits you with a +0 whip.
The bat barely misses you. The bat completely misses you.
The gnoll hits you from afar with a +1 spear of freezing.
The gnoll freezes you.
* * * LOW HITPOINT WARNING * * *
Found a stone staircase leading down.
The bat barely misses you. The bat hits you but does no damage. x2
You are too injured to fight recklessly!
The bat hits you but does no damage. x2
The bat hits you but does no damage.
Found 12 gold pieces.
The bat closely misses you. The bat hits you but does no damage.
The bat hits you.
* * * LOW HITPOINT WARNING * * *
The bat hits you.
You die...

.$
#S##......
#.##.#
....[.
#..#g#
..... #.#g#
.... #...#
.... ##..#
.... #..#
.....
#.b##.....#
#.>@....#
#######.#


You could see 2 gnolls and a bat.

Vanquished Creatures
  2 dart slugs (D:1)
  An endoplasm (D:1)
  2 hobgoblins (D:1)
  A kobold (D:1)
  3 bats (D:1)
  3 frilled lizards (D:1)
  A rat (D:1)
13 creatures vanquished.

Notes
Turn   | Place    | Note
-------+----------+-------------------------------------------
     0 | D:1      | Descartes the Deep Elf Wanderer began the quest for the
                  | Orb.
     0 | D:1      | Descartes set off with the following items: a +2 hand
                  | crossbow, 22 bolts, a scroll of teleportation, a +0 ring
                  | mail
     0 | D:1      | Reached XP level 1. HP: 12/12 MP: 7/7
    35 | D:1      | Reached skill level 1 in Dodging
    63 | D:1      | Reached XP level 2. HP: 12/16 MP: 9/9
   253 | D:1      | You fall into a shaft and drop 1 floor!
   270 | D:2      | Slain by a bat

Illustrated notes

Levels and vault maps discovered:
D:1:      elethiomel_arrival_fortress_basement, layout_basic, moated_statue,
          minmay_pentomino_v2
D:2:      layout_basic, chequers_ecumenical_altar_lobes, basic_altar,
          uniq_terence

Skill      XL: |  1 |
---------------+----+-----
Dodging        | 2 |  2.6
Fighting       | |  1.0
Crossbows      | |  1.0
Armour         | |  1.0
Stealth        | |  1.2
Spellcasting   | |  4.4
Conjurations   | |  1.1
Earth Magic    | |  1.1
Evocations     | |  1.1

Action                   || total
-------------------------++-------
 Fire: Hand crossbow     ||    27
Armor: Ring mail         ||     7
Dodge: Dodged            ||     8
